Map: [ESL] Data-C

Players

TeebuL

  • Race: Protoss Protoss
  • Spawn Location: 3:00

Ranger - Winner!

  • Race: Protoss Protoss
  • Spawn Location: 9:00

Event: DreamHack SC2 Masters 2022 Atlanta (Online)

VOD

Have the link to the VOD?

Description

Time

  • Played on: Sept. 28, 2022, 5:36 a.m.
  • Length: 12:40

All games in this series

Show
View Real Time Build Order
Export as new Build Order

TeebuL Protoss 

Build Orders: Oracle Opening 

Get SALT Encoding   

  12  0:00  Probe  
  13  0:12  Probe  
  14  0:17  Pylon  
  14  0:24  Probe (Chrono Boost)  
  15  0:36  Probe (Chrono Boost)  
  15  0:39  Gateway  
  16  0:44  Probe (Chrono Boost)  
  16  0:46  Assimilator  
  17  0:50  Probe  
  17  0:55  Assimilator  
  18  1:03  Probe (Chrono Boost)  
  19  1:12  Gateway  
  19  1:13  Probe (Chrono Boost)  
  19  1:18  Probe (Chrono Boost)  
  21  1:26  Cybernetics Core  
  21  1:29  Probe  
  22  1:37  Pylon  
  22  1:41  Probe  
  23  2:00  Warp Gate (Chrono Boost)  
  24  2:03  Stalker x2  
  24  2:07  Pylon  
  27  2:16  Probe  
  28  2:29  Stargate  
  28  2:42  Stalker x2  
  31  3:09  Probe  
  32  3:15  Oracle (Chrono Boost)  
  35  3:34  Shield Battery, Nexus  
  35  3:35  Probe  
  37  3:52  Oracle (Chrono Boost)  
  39  3:57  Pylon  
  39  4:03  Twilight Council  
  39  4:15  Probe (Chrono Boost)  
  40  4:27  Probe (Chrono Boost)  
  41  4:31  Gateway  
  41  4:32  Probe (Chrono Boost)  
  41  4:34  Stalker  
  41  4:35  Blink (Chrono Boost), Stalker  
  46  4:41  Probe  
  47  4:46  Probe  
  48  4:54  Probe  
  48  4:58  Probe  
  50  5:06  Probe  
  51  5:10  Probe  
  51  5:13  Stalker x2  
  56  5:18  Probe  
  56  5:23  Probe  
  56  5:27  Stalker  
  57  5:30  Probe  
  57  5:35  Probe  
  59  5:38  Assimilator  
  59  5:39  Pylon  
  59  5:42  Probe  
  60  5:45  Dark Shrine  
  60  5:47  Probe  
  61  5:53  Pylon  
  61  6:00  Stalker x2  
  61  6:02  Probe, Pylon  
  66  6:09  Probe  
  67  6:14  Probe  
  68  6:21  Probe  
  69  6:30  Probe  
  69  6:32  Stalker  
  73  6:40  Nexus, Probe  
  73  6:44  Probe  
  74  6:55  Probe  
  74  6:59  Dark Templar x2  
  79  7:02  Probe  
  79  7:07  Probe  
  81  7:09  Gateway  
  81  7:10  Pylon  
  81  7:11  Assimilator  
  81  7:12  Pylon  
  81  7:14  Probe  
  82  7:21  Probe (Chrono Boost)  
  83  7:26  Probe (Chrono Boost)  
  84  7:31  Stalker x2  
  90  7:37  Probe x2 (Chrono Boost)  
  90  7:42  Probe (Chrono Boost)  
  90  7:44  Probe  
  90  7:49  Stalker  
  92  7:53  Probe  
  92  7:55  Probe  
  92  7:56  Probe  
  93  8:05  Probe  
  94  8:09  Shield Battery  
  94  8:14  Shield Battery  
  94  8:17  Probe  
  94  8:19  Probe  
  96  8:20  Probe  
  96  8:23  Forge, Stalker x4  
  105  8:29  Probe  
  105  8:31  Gateway  
  105  8:34  Pylon x2  
  106  8:38  Probe  
  107  8:42  Pylon  
  107  8:51  Stalker x2  
  107  8:53  Probe  
  112  8:58  Stalker x2  
  112  9:02  Probe  
  110  9:07  Probe  
  111  9:13  Protoss Ground Weapons Level 1 (Chrono Boost), Probe  
  111  9:15  Robotics Facility  
  108  9:17  Charge (Chrono Boost), Probe  
  108  9:23  Gateway x2  
  109  9:26  Gateway  
  109  9:31  Dark Templar, Gateway  
  109  9:34  Probe  
  109  9:37  Nexus  
  112  9:42  Photon Cannon x2  
  112  9:44  Photon Cannon  
  112  9:45  Pylon  
  109  9:47  Pylon  
  109  9:49  Stalker x2  
  113  9:57  Probe  
  112  10:02  Dark Templar  
  112  10:04  Observer (Chrono Boost)  
  112  10:05  Probe x2  
  117  10:10  Probe, Photon Cannon  
  117  10:11  Shield Battery  
  117  10:12  Stalker x3  
  124  10:17  Probe  
  124  10:18  Observer (Chrono Boost), Stalker  
  128  10:33  Stalker x3  
  128  10:34  Stalker  
  136  10:37  Pylon  
  136  10:38  Pylon  
  136  10:44  Probe, Assimilator  
  136  10:48  Zealot x5  
  129  10:58  Zealot x4  
  130  11:10  Dark Templar x2  
  110  11:12  Dark Templar  
  110  11:16  Probe x2  
  110  11:17  Probe  
  109  11:18  Probe  
  108  11:28  Probe x2  
  108  11:30  Probe x2  
  108  11:31  Stalker x4  
  108  11:40  Probe x2  
  108  11:47  Zealot x4  
  108  11:48  Zealot  
  118  11:58  Zealot x4  
  110  12:15  Zealot x6  
Show
View Real Time Build Order
Export as new Build Order

Ranger Protoss - Winner!

Build Orders: 1 Gate Expand 

Get SALT Encoding   

  12  0:00  Probe  
  13  0:12  Probe  
  14  0:21  Pylon  
  14  0:24  Probe  
  15  0:39  Probe (Chrono Boost), Gateway  
  16  0:49  Probe (Chrono Boost), Assimilator  
  17  0:54  Probe (Chrono Boost)  
  18  1:05  Probe  
  19  1:17  Probe  
  20  1:25  Nexus  
  20  1:34  Cybernetics Core  
  20  1:36  Probe  
  21  1:42  Assimilator  
  21  1:49  Probe  
  22  1:58  Pylon  
  22  2:01  Probe  
  23  2:16  Adept (Chrono Boost), Probe  
  26  2:23  Shield Battery  
  26  2:24  Warp Gate  
  26  2:29  Stargate  
  26  2:31  Probe  
  27  2:39  Stalker  
  29  2:51  Probe  
  29  2:57  Probe  
  31  3:01  Gateway  
  31  3:17  Void Ray (Chrono Boost)  
  34  3:22  Stalker  
  34  3:23  Shield Battery  
  36  3:32  Probe  
  35  3:44  Probe  
  40  3:56  Shield Battery  
  40  3:59  Pylon  
  40  4:05  Robotics Facility  
  40  4:10  Probe x2 (Chrono Boost)  
  40  4:15  Oracle (Chrono Boost)  
  39  4:21  Probe x2 (Chrono Boost)  
  40  4:26  Probe x2 (Chrono Boost)  
  40  4:27  Adept x2  
  46  4:36  Probe x2  
  48  4:41  Twilight Council  
  48  4:47  Stalker  
  48  4:48  Probe  
  51  4:59  Probe  
  52  5:00  Stalker  
  54  5:10  Pylon  
  54  5:15  Cybernetics Core  
  54  5:22  Blink (Chrono Boost)  
  54  5:28  Probe x2  
  56  5:33  Assimilator  
  56  5:34  Gateway  
  52  5:41  Probe  
  52  5:42  Gateway  
  53  5:44  Probe  
  53  5:45  Nexus  
  54  5:53  Stalker x2  
  58  5:57  Pylon  
  58  5:58  Probe  
  58  5:59  Probe  
  58  6:02  Observer (Chrono Boost)  
  61  6:10  Probe  
  62  6:14  Pylon  
  62  6:15  Probe  
  62  6:16  Stalker  
  62  6:17  Pylon  
  62  6:18  Stalker  
  67  6:27  Probe  
  67  6:29  Probe  
  67  6:32  Forge  
  69  6:34  Stalker  
  69  6:36  Stalker  
  69  6:39  Probe  
  74  6:41  Probe  
  75  6:51  Stalker x2  
  75  6:52  Probe  
  80  6:55  Shield Battery  
  80  6:58  Probe, Pylon  
  80  7:00  Stalker  
  83  7:07  Observer  
  83  7:10  Stalker  
  83  7:11  Protoss Ground Weapons Level 1 (Chrono Boost)  
  85  7:16  Observer (Chrono Boost), Probe  
  85  7:17  Probe  
  85  7:20  Probe  
  89  7:29  Stalker x3  
  95  7:31  Probe x2  
  95  7:34  Assimilator  
  95  7:35  Gateway  
  95  7:36  Assimilator  
  97  7:42  Probe  
  97  7:43  Charge (Chrono Boost)  
  98  7:50  Stalker  
  100  7:53  Probe  
  100  7:58  Probe  
  102  8:00  Gateway  
  102  8:02  Probe  
  102  8:03  Gateway  
  103  8:07  Gateway  
  103  8:09  Stalker x2  
  103  8:10  Stalker  
  103  8:11  Photon Cannon  
  109  8:15  Probe x2  
  108  8:21  Gateway  
  108  8:26  Pylon  
  108  8:31  Nexus  
  108  8:33  Pylon  
  108  8:44  Immortal  
  107  9:04  Stalker x7  
  107  9:09  Probe  
  116  9:10  Probe  
  113  9:17  Stalker  
  113  9:19  Photon Cannon  
  113  9:20  Protoss Ground Weapons Level 2 (Chrono Boost)  
  113  9:21  Photon Cannon  
  113  9:23  Probe  
  113  9:24  Probe  
  117  9:27  Robotics Facility  
  117  9:30  Robotics Bay  
  118  9:31  Observer (Chrono Boost)  
  118  9:33  Photon Cannon  
  118  9:38  Zealot x2  
  122  9:47  Stalker x2  
  122  9:48  Zealot x2  
  130  9:55  Zealot x2  
  130  9:57  Observer  
  134  10:01  Observer (Chrono Boost)  
  134  10:04  Zealot x2  
  139  10:10  Probe  
  139  10:13  Pylon  
  140  10:15  Pylon  
  140  10:16  Pylon  
  140  10:17  Pylon  
  140  10:22  Dark Shrine  
  140  10:31  Probe x3  
  140  10:33  Zealot  
  140  10:34  Zealot x8  
  140  10:35  Disruptor (Chrono Boost)  
  161  10:38  Disruptor (Chrono Boost)  
  135  11:04  Observer  
  135  11:07  Zealot x2  
  135  11:08  Zealot x7  
  141  11:18  Observer  
  132  11:25  Disruptor  
  133  11:30  Zealot x9  
  143  11:37  Gravitic Boosters  
  143  11:39  Observer  
  142  11:48  Photon Cannon  
  142  11:52  Zealot x7  
  154  12:00  Disruptor  
  157  12:06  Nexus  
  157  12:08  Zealot x2, Pylon  
  141  12:17  Pylon  
  141  12:19  Zealot x7  
  141  12:21  Probe  
  141  12:22  Probe x2  
Tags
 
Add a new tag
Caveats
  • Supply blocks, unpowered buildings, or Contaminate may cause inaccurate times.
  • Supply counts are checked every 10 seconds.